 Dungeon Crawl Stone Soup version 0.27.1 (webtiles) character file.

Game seed: 8830972182298772107

33 Malachi the Chopper (level 3, -1/33 HPs)
             Began as a Hill Orc Monk on Sept 1, 2021.
             Slain by an adder (2 damage)
             ... on level 2 of the Dungeon.
             The game lasted 00:01:10 (943 turns).

Malachi the Chopper (Hill Orc Monk)                  Turns: 943, Time: 00:01:12

Health: -1/33      AC:  2    Str: 14    XL:     3   Next: 29%
Magic:  3/3        EV: 12    Int: 10    God:
Gold:   52         SH:  0    Dex: 13    Spells: 2/2 levels left

rFire    . . .     SeeInvis .   a - +0 hand axe
rCold    . . .     Faith    .   (no shield)
rNeg     . . .     Spirit   .   b - +0 robe
rPois    .         Reflect  .   (no helmet)
rElec    .         Harm     .   (no cloak)
rCorr    .         Rampage  .   (no gloves)
Will     .....                  (no boots)
Stlth    ++........             (no amulet)
HPRegen  0.11/turn              (no ring)
MPRegen  0.08/turn              (no ring)

@: lethally poisoned (-1 -> -4)
A: no striking features
a: no special abilities


You were on level 2 of the Dungeon.
You visited 1 branch of the dungeon, and saw 2 of its levels.

You collected 52 gold pieces.

Inventory:

Hand Weapons
 a - a +0 hand axe (weapon)
Armour
 b - a +0 robe (worn)
Scrolls
 c - a scroll of vulnerability {unknown}
 d - 2 scrolls of identify {unknown}
 e - a scroll of fear {unknown}


   Skills:
 + Level 3.8 Fighting
 * Level 5.0 Axes
 + Level 2.7 Dodging
 + Level 1.7 Stealth


You had 2 spell levels left.
You didn't know any spells.
Your spell library was empty.

Dungeon Overview and Level Annotations

Branches:
Dungeon (2/15)

Altars:


Message History

The adder closely misses you. The adder bites you but does no damage.
You hit the adder but do no damage. You hit the goblin but do no damage.
The adder bites you. The goblin hits you with a +0 dagger.
You are too injured to fight recklessly!
You are too injured to fight recklessly!
You are too injured to fight recklessly!
A kobold comes into view. It is wielding a +0 dagger.
The kobold shouts!
The adder misses you. The adder misses you.
The giant cockroach bites you but does no damage.
The adder bites you.
You are poisoned.
The adder poisons you! The giant cockroach barely misses you.
You feel sick. The kobold hits you with a +0 dagger.
A hobgoblin comes into view.
You feel sick. The adder bites you.
* * * LOW HITPOINT WARNING * * *
You are lethally poisoned!
The adder poisons you!
Found a stone staircase leading up.
* * * LOW HITPOINT WARNING * * *
You feel sick.
You open the door.
A hobgoblin comes into view.
* * * LOW HITPOINT WARNING * * *
You feel sick. The kobold hits you with a +0 dagger.
* * * LOW HITPOINT WARNING * * *
* * * LOW HITPOINT WARNING * * *
You feel sick.
The hobgoblin shouts!
There is an open door here.
A ball python comes into view.
Found a spear.
* * * LOW HITPOINT WARNING * * *
You feel sick.
The hobgoblin shouts!
The ball python hisses angrily.
An endoplasm comes into view.
The adder bites you.
You die...

######## ##############
.......# #............#
.......####.##.........#
...)..<##...w....g.....#
.......#..###+###......#
.........##.J...##B....#
.........# #.@#.....#
.........+ #S#gSK..###
########.# #.#..#.......
#..w##.....##......<.
#....###+## .........
#................g...
#.......w..#...........
#......................
##......#..... .......


You could see an adder, an endoplasm, 2 hobgoblins, a ball python and a kobold.

Vanquished Creatures
  2 dart slugs (D:1)
  3 ball pythons (D:1)
  2 endoplasms (D:1)
  A giant cockroach (D:1)
  6 goblins
  3 hobgoblins (D:1)
  A quokka (D:1)
  4 bats
  A frilled lizard (D:1)
  A kobold (D:1)
  2 rats (D:1)
26 creatures vanquished.

Notes
Turn   | Place    | Note
-------+----------+-------------------------------------------
     0 | D:1      | Malachi the Hill Orc Monk began the quest for the Orb.
     0 | D:1      | Reached XP level 1. HP: 19/19 MP: 1/1
   247 | D:1      | Reached XP level 2. HP: 15/27 MP: 2/2
   540 | D:1      | Reached XP level 3. HP: 21/33 MP: 3/3
   886 | D:1      | Reached skill level 5 in Axes
   943 | D:2      | HP: 1/33 [poisoned by an adder]
   943 | D:2      | Slain by an adder

Illustrated notes

Levels and vault maps discovered:
D:1:      roderic_octagonal_star, layout_rooms
D:2:      layout_rooms, ebering_ecumenical_altar_webs, minmay_box_of_dots

Skill      XL: |  1  2  3 |
---------------+----------+-----
Axes           | 5 |  5.0
Fighting       | |  3.8
Dodging        | |  2.7
Stealth        | |  1.7

Action                   || total
-------------------------++-------
Melee: Hand axe          ||    74
 Stab: Sleeping          ||     2
Armor: Robe              ||    25
Dodge: Dodged            ||    62
